 Dungeon Crawl Stone Soup version 0.31.0-9-g3a7656b989 (webtiles) character file.

Game seed: 14403631852668417158

75 qw the Shooter (level 4, -1/25 HPs)
             Began as a Deep Elf Hunter on Feb 2, 2024.
             Shot with an arrow by a kobold (4 damage)
             ... on level 2 of the Dungeon.
             The game lasted 00:00:04 (1070 turns).

qw the Shooter (Deep Elf Hunter)                    Turns: 1070, Time: 00:00:05

Health: -1/25      AC:  3    Str: 10    XL:     4   Next: 11%
Magic:  6/6        EV: 12    Int: 14    God:
Gold:   15         SH:  0    Dex: 18    Spells: 3/3 levels left

rFire   . . .        a - +0 shortbow
rCold   . . .        (shield currently unavailable)
rNeg    . . .        c - +0 leather armour
rPois   .            (no helmet)
rElec   .            (no cloak)
rCorr   .            (no gloves)
SInv    .            (no boots)
Will    .....        (no amulet)
Stlth   ++           (no ring)
HPRegen 0.24/turn    (no ring)
MPRegen 0.10/turn

%: no passive effects
@: no status effects
A: no striking features
a: no special abilities


You were on level 2 of the Dungeon.
You visited 1 branch of the dungeon, and saw 2 of its levels.

You collected 72 gold pieces.
You spent 57 gold pieces at shops.


   Skills:
 - Level 1.5 Fighting
 + Level 7.5 Ranged Weapons
 - Level 2.4 Dodging
 - Level 1.2 Stealth


You had 3 spell levels left.
You didn't know any spells.
Your spell library was empty.

Inventory:

Hand Weapons
 a - a +0 shortbow (weapon)
Armour
 b - a +0 ring mail
 c - a +0 leather armour (worn)
Scrolls
 d - a scroll of identify
Potions
 e - a potion of brilliance {unknown}
 f - a potion of degeneration {unknown}
 g - a potion of invisibility {unknown}
 h - a potion of enlightenment {unknown}

Dungeon Overview and Level Annotations

Branches:
Dungeon (2/15)

Altars:

Shops:
D:2 *


Message History

Enter note: You shoot an arrow.
The arrow hits the ribbon worm.
The ribbon worm is moderately wounded.
You shoot an arrow. The arrow hits the ribbon worm!
The ribbon worm is severely wounded.
You shoot an arrow. The arrow hits the ribbon worm.
The ribbon worm is severely wounded.
A kobold comes into view. It is wielding a +1 orcbow of flaming.
The ribbon worm expels a string of sticky webbing.
The stream of webbing misses you.
You shoot an arrow. The kobold shouts!
The arrow hits the ribbon worm.
The ribbon worm is almost dead.
You shoot an arrow. The arrow hits the ribbon worm.
The ribbon worm is almost dead.
The ribbon worm expels a string of sticky webbing.
The stream of webbing hits you but does no damage.
You are caught in a web!
The web tears apart.
You shoot an arrow. The arrow hits the ribbon worm.
The ribbon worm is almost dead.
You shoot an arrow. The arrow hits the ribbon worm!
You kill the ribbon worm!
The kobold shoots an arrow.
The arrow closely misses you.
You shoot an arrow. The arrow hits the kobold.
The kobold is moderately wounded.
You shoot an arrow. The arrow closely misses the kobold.
You shoot an arrow. The arrow hits the kobold.
The kobold is severely wounded.
The kobold shoots an arrow.
The arrow hits you. The arrow burns you.
You shoot an arrow. The arrow closely misses the kobold.
The kobold shoots an arrow.
The arrow hits you! The arrow burns you.
You shoot an arrow. The arrow closely misses the kobold.
The kobold shoots an arrow.
The arrow hits you. The arrow burns you.
You shoot an arrow. The arrow completely misses the kobold.
The kobold shoots an arrow.
The arrow misses you.
You shoot an arrow. The arrow completely misses the kobold.
The kobold shoots an arrow.
The arrow hits you.
You die...

#. #...... #.##.#
#.##### #.##.# #.#
#.##.# #.#
###.##.######.####
...%.............##
#K..#............
<.##.###..)..#####.#####
<......@....))\.#.#. #
.###.####..####..### #
#..# #>#.# # #..#
#.##.##### #..#
#.##....%.
#......#.####.#.
##.##.###.###.#) #...#
##....#. ###.###.######


You could see a kobold.

Vanquished Creatures
  2 adders (D:2)
  3 dart slugs
  A ribbon worm (D:2)
  5 orcs (D:2)
  3 ball pythons
  2 endoplasms (D:1)
  A giant cockroach (D:1)
  4 goblins
  6 hobgoblins
  2 kobolds
  2 quokkas (D:1)
  6 bats
  5 rats
42 creatures vanquished.

Notes
Turn   | Place    | Note
-------+----------+-------------------------------------------
     0 | D:1      | qw the Deep Elf Hunter began the quest for the Orb.
     0 | D:1      | Reached XP level 1. HP: 12/12 MP: 3/3
     0 | D:1      | 0 ||| qw: Version: 0.3-a-155-g5e7d8dd
     0 | D:1      | 0 ||| qw: Game counter: 1551
     0 | D:1      | 0 ||| qw: Melee chars always use a shield: true
     0 | D:1      | 0 ||| qw: God list: Okawaru
     0 | D:1      | 0 ||| qw: Allow faded altars: false
     0 | D:1      | 0 ||| qw: Do Orc after clearing Dungeon:15 true
     0 | D:1      | 0 ||| qw: Do second Lair branch before Depths: true
     0 | D:1      | 0 ||| qw: Lair rune preference: random
     0 | D:1      | 0 ||| qw: Goals: Normal
     0 | D:1      | 0 ||| PLANNING D:1-11
   182 | D:1      | Reached XP level 2. HP: 16/16 MP: 4/4
   199 | D:1      | Reached skill level 6 in Ranged Weapons
   598 | D:1      | Reached XP level 3. HP: 20/20 MP: 5/5
   733 | D:1      | 733 ||| READING scroll labelled JUZATZ FUUROM.
   734 | D:1      | 734 ||| READING scroll labelled DAIMAN OL MIM.
   735 | D:1      | 735 ||| READING scroll labelled FALUGA LUAG.
   735 | D:1      | 735 ||| IDENTIFYING white potion
   736 | D:1      | 736 ||| DROPPING scroll of butterflies.
   737 | D:1      | 737 ||| DROPPING potion of attraction.
   860 | D:2      | Reached skill level 7 in Ranged Weapons
   995 | D:2      | Found Cysiw's Assorted Antiques.
  1002 | D:2      | 1002 ||| BUYING bubbling silvery potion (19 gold).
  1002 | D:2      | Bought a bubbling silvery potion for 19 gold pieces
  1002 | D:2      | 1002 ||| BUYING grey potion (19 gold).
  1002 | D:2      | Bought a grey potion for 19 gold pieces
  1002 | D:2      | 1002 ||| BUYING sapphire potion (19 gold).
  1002 | D:2      | Bought a sapphire potion for 19 gold pieces
  1010 | D:2      | 1010 ||| RETREEEEATING.
  1011 | D:2      | 1011 ||| RETREEEEATING.
  1012 | D:2      | 1012 ||| RETREEEEATING.
  1022 | D:2      | Reached XP level 4. HP: 19/25 MP: 6/6
  1031 | D:2      | 1031 ||| FLEEEEING.
  1032 | D:2      | 1032 ||| FLEEEEING.
  1033 | D:2      | 1033 ||| FLEEEEING.
  1067 | D:2      | HP: 6/25 [kobold/arrow (1)]
  1068 | D:2      | HP: 2/25 [kobold/arrow (1)]
  1070 | D:2      | Shot with an arrow by a kobold

Levels and vault maps discovered:
D:1:      dpeg_arrival_castle, layout_loops_cross, kennysheep_crisscross,
          dk_noncrumbling_3, chequers_serial_rivers_micro_e
D:2:      layout_loops_ring, serial_shops, shop,
          shapermc_ecumenical_altar_mp_urbaneastern, basic_altar,
          corner_web_ring, minmay_pentomino_pile

Skill      XL: |  1  2  3 |
---------------+----------+-----
Ranged Weapons | 6 7 |  7.5
Fighting       | |  1.5
Dodging        | |  2.4
Stealth        | |  1.2

Action                     |  1- 3 |  4- 6 || total
---------------------------+-------+-------++-------
   Fire: Shortbow          |   104 |    18 ||   122
    Use: Scroll            |     3 |       ||     3
 Armour: Leather armour    |    15 |     4 ||    19
  Dodge: Dodged            |    19 |     5 ||    24

Table legend:
 A = Non-vault XP
 B = Vault XP
 C = Vault XP percentage of total XP
 D = Non-vault monster count
 E = Vault monster count
 F = Vault count percentage of total count
                 A         B        C        D         E       F
            +---------+---------+-------+---------+---------+-------
      Total |      97 |      11 |  10.2 |      37 |       5 |  11.9
            +---------+---------+-------+---------+---------+-------
        D:1 |      42 |       0 |   0.0 |      23 |       0 |   0.0
        D:2 |      55 |      11 |  16.7 |      14 |       5 |  26.3
            +---------+---------+-------+---------+---------+-------
